[Event "*** Titled Tuesday Blitz"]
[Site "Chess.com"]
[Date "2021.03.16"]
[Round "4"]
[White "Babas"]
[Black "juli2512"]
[Result "0-1"]
[WhiteElo "2399"]
[BlackElo "2201"]
[TimeControl "180+1"]
[EndTime "10:38:05 PDT"]
[Termination "juli2512 won by checkmate"]

1. d4 f5 2. Bg5 g6 3. h4 Bg7 4. h5 Nf6 5. h6 Bf8 6. Nc3 c6 7. d5 d6 8. Nf3 e5 9. dxe6 Bxe6 10. e4 Be7 11. Nd4 Bc8 12. exf5 Qb6 13. fxg6 hxg6 14. Bd3 O-O 15. Bxg6 Qxb2 16. Bd2 Qb6 17. Rh4 Qc5 18. Qe2 Bd8 19. Ne6 Bxe6 20. Qxe6+ Kh8 21. O-O-O Nbd7 22. Kb1 Ba5 23. Qe7 Rg8 24. Bd3 Rae8 25. Qf7 Bxc3 26. Bxc3 Qxc3 27. Rf4 Re1 28. Rxf6 Rxd1# 0-1

[Event "*** Titled Tuesday Blitz"]
[Site "Chess.com"]
[Date "2021.03.16"]
[Round "4"]
[White "chess4life23"]
[Black "IMAghasiyevKamal"]
[Result "0-1"]
[WhiteElo "2276"]
[BlackElo "2497"]
[TimeControl "180+1"]
[EndTime "10:38:05 PDT"]
[Termination "IMAghasiyevKamal won on time"]

1. d4 d5 2. c4 e6 3. Nc3 Nf6 4. Nf3 Be7 5. Bg5 O-O 6. e3 Nbd7 7.
Rc1 h6 8. Bf4 c5 9. Bd3 b6 10. O-O Bb7 11. Ne5 cxd4 12. exd4 dxc4 13. Nxc4 Nd5 14. Bg3 N7f6 15. Bb1 Rc8 16. Ne5 Nxc3 17. bxc3 Ba3 18. Rc2 Be4 19. Re1 Bxc2 20. Qxc2 Bb4 21.
Re3 Rxc3 22. Rxc3 Bxc3 23. Qxc3 Nd5 24. Qc2 f5 25. Qc6 Qc8 26. Bd3 Nb4 27. Qxc8 Rxc8 28. Bc4 Nd5 29. h4 g5 30. hxg5 hxg5 31. f3 Kg7 32.
Be1 a6 33. Bxa6 Rc1 34. Kf2 Rc2+ 35. Kg1 Ne3 36. Bf2 Rc1+ 0-1

[Event "*** Titled Tuesday Blitz"]
[Site "Chess.com"]
[Date "2021.03.16"]
[Round "4"]
[White "827883"]
[Black "korbul"]
[Result "1-0"]
[WhiteElo "2300"]
[BlackElo "2603"]
[TimeControl "180+1"]
[EndTime "10:38:07 PDT"]
[Termination "827883 won by resignation"]

1. e4 c5 2. Nf3 e6 3. d4 cxd4 4. Nxd4 Nf6 5. Nc3 d6 6. f4 a6 7. Qf3 Qb6 8. Nb3 Nc6 9. Be3 Qc7 10. g4 b5 11. a3 Bb7 12. Bg2 Be7 13. g5 Nd7 14.
O-O-O O-O-O 15. Rd3 Kb8 16. Kb1 Rc8 17. Qf2 h6 18. g6 fxg6 19. Bh3 Nd8 20. Rhd1 Ka8 21. Qg2 g5 22. f5 Ne5 23. fxe6 Nxd3 24. cxd3 Rf8 25.
Nd5 Bxd5 26. exd5 Nb7 27. Rc1 Qb8 28. Nd4 Nc5 29. Nc6 Qb7 30. Bxc5 dxc5 31. Nxe7 Qxe7 32. d6+ Qb7 33. Qxb7+ Kxb7 34. e7 Rfe8 35. d7 Kc7 36.
dxc8=Q+ Rxc8 37. Bxc8 1-0

[Event "*** Titled Tuesday Blitz"]
[Site "Chess.com"]
[Date "2021.03.16"]
[Round "4"]
[White "gurelediz"]
[Black "BvsN"]
[Result "1-0"]
[WhiteElo "2664"]
[BlackElo "2422"]
[TimeControl "180+1"]
[EndTime "10:38:09 PDT"]
[Termination "gurelediz won by checkmate"]

1. e4 c5 2. Nf3 e6 3. d4 cxd4 4. Nxd4 a6 5. Nc3 Qc7 6. g3 Bb4 7. Bd2 Nf6 8. Bg2 Nc6 9. Nb3 Be7 10. O-O O-O 11. f4 d5 12. Be3 Rd8 13. e5 Nd7 14. Ne2 b5 15. Ned4 Nb6 16. c3 Nc4 17. Bc1 Rb8 18. g4 b4 19. g5 bxc3 20. bxc3 a5 21. Nxc6 Qxc6 22. Nd4 Qc7 23. Rf3 Bf8 24. Rh3 g6 25. Qg4 a4 26. Qh4 h5 27. gxh6 Kh7 28. Nf3 Be7 29. Ng5+ Bxg5 30. Qxg5 a3 31. Be3 Rb2 32.
Bd4 Rg8 33. Qf6 Qb7 34. Rg3 Nd2 35. f5 Rb1+ 36. Rxb1 Qxb1+ 37. Kf2 Ne4+ 38. Bxe4 Qb2+ 39.
Ke3 dxe4 40. fxg6+ fxg6 41. Qe7+ Kxh6 42. Rh3# 1-0

[Event "*** Titled Tuesday Blitz"]
[Site "Chess.com"]
[Date "2021.03.16"]
[Round "4"]
[White "bazar-wokzal"]
[Black "The_filthy"]
[Result "1/2-1/2"]
[WhiteElo "2479"]
[BlackElo "2302"]
[TimeControl "180+1"]
[EndTime "10:38:11 PDT"]
[Termination "Game drawn by agreement"]

1. e4 e6 2. d4 d5 3. exd5 exd5 4.
Nf3 Nf6 5. c4 dxc4 6. Bxc4 Be7 7. O-O O-O 8. Nc3 b6 9. Ne5 Bb7 10. Qb3 Qxd4 11. Nxf7 Rxf7 12. Bxf7+ Kh8 13. Be3 Qg4 14.
f3 Qh4 15. Rae1 Bd6 16. h3 Qg3 17. Ne2 Qh2+ 18. Kf2 Nbd7 19. Bd4 Nc5 20. Qe3 Nfe4+ 21. fxe4 Nxe4+ 22. Kf3 Rf8 23. Kg4 Qxg2+ 24. Kh5 Rxf7 25. Rxf7 Qg6+ 26. Kh4 Qxf7 27. Rg1 Qe7+ 28. Kh5 Qf7+ 29.
Kh4 Qe7+ 30. Kh5 Qf7+ 1/2-1/2

[Event "*** Titled Tuesday Blitz"]
[Site "Chess.com"]
[Date "2021.03.16"]
[Round "4"]
[White "IsaacWiebe"]
[Black "Pinkito"]
[Result "1-0"]
[WhiteElo "2261"]
[BlackElo "2444"]
[TimeControl "180+1"]
[EndTime "10:38:14 PDT"]
[Termination "IsaacWiebe won by checkmate"]

1. d4 e6 2. c4 f5 3. Nf3 Nf6 4.
g3 Be7 5. Bg2 O-O 6. O-O d6 7.
Qc2 Ne4 8. Nfd2 Nxd2 9. Nxd2 e5 10. dxe5 dxe5 11. b3 Nc6 12. Bb2 a5 13. Bxc6 bxc6 14.
Bxe5 f4 15. Bxf4 Rxf4 16. gxf4 Bh3 17. Qe4 Bf6 18. Nf3 Qd7 19. Ne5 Bxe5 20. fxe5 Rf8 21. f4 Qg4+ 22. Kh1 g5 23. e3 Kh8 24. Rg1 Qh4 25.
Rxg5 c5 26. Rag1 h6 27. Rg7 Bf5 28. Qxf5 Rxf5 29. Rg8+ Kh7 30. R1g7# 1-0

[Event "*** Titled Tuesday Blitz"]
[Site "Chess.com"]
[Date "2021.03.16"]
[Round "4"]
[White "UCantHandleDenker"]
[Black "slavenok"]
[Result "0-1"]
[WhiteElo "2503"]
[BlackElo "2725"]
[TimeControl "180+1"]
[EndTime "10:38:15 PDT"]
[Termination "slavenok won on time"]

1. Nf3 d5 2. g3 Nf6 3. Bg2 e6 4. O-O Be7 5. d3 O-O 6. Nbd2 d4 7. e4 dxe3 8. fxe3 c5 9. Qe2 Nc6 10. c3 e5 11. e4 h6 12. a4 Be6 13. Nc4 Qc7 14. Nh4 a6 15. Ne3 Rad8 16. Nhf5 Na5 17. Ng4 Nxg4 18. Qxg4 Bxf5 19. exf5 Qd6 20. f6 Bxf6 21.
Bxh6 c4 22. dxc4 Rc8 23. Bd5 Rxc4 24. Bxc4 Qc5+ 25. Kg2 Qc6+ 26. Kh3 Nxc4 27. Rf3 e4 28. Rf5 Qe6 29. Raf1 Be5 30. Qxe4 Qxh6+ 31. Kg2 Ne3+ 32. Kg1 Nxf1 33. Qxe5 Nd2 0-1

[Event "*** Titled Tuesday Blitz"]
[Site "Chess.com"]
[Date "2021.03.16"]
[Round "4"]
[White "Fandorine"]
[Black "Das_Virus_2020"]
[Result "1-0"]
[WhiteElo "2873"]
[BlackElo "2469"]
[TimeControl "180+1"]
[EndTime "10:38:15 PDT"]
[Termination "Fandorine won by resignation"]

1. c4 Nf6 2. Nc3 c5 3. g3 e6 4. Nf3 a6 5. Bg2 Be7 6. O-O O-O 7. d4 cxd4 8. Nxd4 Qc7 9. Qd3 d6 10. b3 Nbd7 11. Bb2 Ne5 12. Qd2 Bd7 13. Rac1 Rac8 14. Rfd1 Rfd8 15. h3 Qb8 16. a4 Nc6 17. e4 Nxd4 18.
Qxd4 Bc6 19. b4 e5 20. Qd3 Bd7 21. b5 Be6 22. Nd5 Bxd5 23. cxd5 Nd7 24. Ba3 axb5 25. Qxb5 Nc5 26. h4 Qa7 27. a5 Qa6 28. Rb1 Qxb5 29. Rxb5 Rc7 30. Rdb1 Ra8 31. Bf1 Ra7 32. Bxc5 dxc5 33.
Rb6 Bf8 34. Bh3 Rxa5 35. d6 Rc6 36. Rxc6 bxc6 37. Rb8 Ra1+ 38. Kg2 Rd1 39. d7 1-0

[Event "*** Titled Tuesday Blitz"]
[Site "Chess.com"]
[Date "2021.03.16"]
[Round "4"]
[White "PattyCastillo"]
[Black "dennisodessa"]
[Result "0-1"]
[WhiteElo "2021"]
[BlackElo "2345"]
[TimeControl "180+1"]
[EndTime "10:38:15 PDT"]
[Termination "dennisodessa won by resignation"]

1. d4 Nf6 2. Nf3 e6 3. e3 b6 4. Bd3 Bb7 5. O-O Be7 6. b3 d5 7. Bb2 O-O 8. Nbd2 Nbd7 9. Qe2 c5 10. Rfd1 Qc7 11. Rac1 Rac8 12. c4 Qb8 13. e4 dxe4 14.
Nxe4 Nxe4 15. Bxe4 Bxe4 16. Qxe4 Nf6 17. Qh4 Rfd8 18.
d5 exd5 19. Ng5 h6 20. Nf3 d4 21.
Re1 Bd6 22. Rcd1 Re8 23. Bc1 Rxe1+ 24. Rxe1 Re8 25. Bxh6 Rxe1+ 26. Nxe1 Qe8 27. Nf3 Qe2 28. Bd2 Ne4 29. Be1 d3 30. Qg4 d2 31. Qc8+ Bf8 32.
Bxd2 Nxd2 33. Nxd2 Qxd2 34. h4 Qxa2 35. Qb7 Qxb3 36. Qxa7 Qxc4 37. Qxb6 Qxh4 38. g3 Qd4 39. Kg2 Qd6 40. Qb3 Qc6+ 41. Kf1 c4 42. Qc3 Qd5 43. Ke2 Qd3+ 44. Qxd3 cxd3+ 45. Kxd3 g6 46. Ke4 Kg7 47. f4 f5+ 48. Kf3 Kf6 49. g4 Ke6 50. gxf5+ Kxf5 51. Ke3 Bd6 52. Kf3 Bxf4 53. Kg2 g5 54. Kf3 g4+ 55. Kg2 Ke4 56. Kf2 Be5 57. Ke2 Kf4 58. Kf2 Bd4+ 59. Kg2 g3 60. Kf1 Kf3 61. Ke1 g2 0-1

[Event "*** Titled Tuesday Blitz"]
[Site "Chess.com"]
[Date "2021.03.16"]
[Round "4"]
[White "jefferyx"]
[Black "GregShahade"]
[Result "0-1"]
[WhiteElo "2990"]
[BlackElo "2777"]
[TimeControl "180+1"]
[EndTime "10:38:16 PDT"]
[Termination "GregShahade won by resignation"]

1. d4 Nf6 2. c4 g6 3. Nc3 d5 4.
Nf3 Bg7 5. Bf4 O-O 6. Rc1 c5 7. dxc5 dxc4 8. Qxd8 Rxd8 9. e3 Na6 10. c6 bxc6 11.
Bxc4 Nd5 12. Be5 Nb6 13. Be2 Nb4 14. O-O Be6 15. Bxg7 Kxg7 16. a3 Nd3 17. Bxd3 Rxd3 18. Rfd1 Rxd1+ 19. Rxd1 Nc4 20. Na4 Rb8 21. Nd4 Bd5 22.
Rc1 e5 23. Nxc6 Bxc6 24. Rxc4 Bb5 25. Rb4 a5 26. Rb3 Rd8 27. Nc3 Bc4 28. Rb6 Rd2 29. h4 h5 30. b3 Be6 31. Ne4 Ra2 32. a4 Rb2 33. Nc5 Bd5 34. Rb5 Rb1+ 35. Kh2 Rb2 36.
Kg3 f5 37. Rxa5 f4+ 38. exf4 exf4+ 39. Kxf4 Rxf2+ 40. Ke5 Bxg2 41. Ne6+ Kh6 42. Ra8 Bxa8 0-1

[Event "*** Titled Tuesday Blitz"]
[Site "Chess.com"]
[Date "2021.03.16"]
[Round "4"]
[White "TheCairnTerrier"]
[Black "Forantes"]
[Result "0-1"]
[WhiteElo "2152"]
[BlackElo "2418"]
[TimeControl "180+1"]
[EndTime "10:38:17 PDT"]
[Termination "Forantes won by resignation"]

1. e4 c5 2. Nf3 Nc6 3. Bb5 a6 4.
Bxc6 dxc6 5. d3 Qc7 6. Nc3 e5 7. a4 a5 8. O-O Bd6 9. Nd2 Ne7 10. Nc4 Ng6 11. g3 O-O 12. Nxd6 Qxd6 13. f4 Bh3 14. Rf2 f5 15. fxe5 Qxe5 16. Bf4 Qd4 17. exf5 Rxf5 18.
Ne2 Qd5 19. Qd2 Raf8 20. Nc3 Qf7 21. Ne4 Nxf4 22. Rxf4 Rxf4 23. Qxf4 Qh5 24. Qh4 Qf5 25. Qf4 Qd5 26. Qd6 Qf7 27. Qxc5 Qf1+ 0-1

[Event "*** Titled Tuesday Blitz"]
[Site "Chess.com"]
[Date "2021.03.16"]
[Round "4"]
[White "Oligan22"]
[Black "c_r_e_e_p_e_r"]
[Result "1-0"]
[WhiteElo "2511"]
[BlackElo "2353"]
[TimeControl "180+1"]
[EndTime "10:38:19 PDT"]
[Termination "Oligan22 won on time"]

1. e4 c5 2. Nf3 e6 3. d4 cxd4 4. Nxd4 a6 5. Nc3 Qc7 6. Bd3 Nf6 7. Qe2 d6 8. f4 Nbd7 9. g4 Nc5 10. g5 Nfd7 11. Be3 b5 12. a3 Bb7 13. O-O-O O-O-O 14. h4 g6 15. h5 Be7 16. Kb1 Kb8 17. Rh2 Rc8 18.
Rdh1 Rhf8 19. Nb3 Nb6 20. Na5 Ba8 21. Bd4 e5 22. Be3 d5 23. exd5 Nxd5 24. Nxd5 Bxd5 25.
Bxc5 Bxc5 26. Nb3 Bxh1 27. Rxh1 exf4 28. Qf3 Be3 29. hxg6 hxg6 30. Rh7 Rh8 31. Bxg6 Rxh7 32. Bxh7 Rh8 33. Bd3 Qe5 34. Qc6 Qxg5 35. Be4 1-0

[Event "*** Titled Tuesday Blitz"]
[Site "Chess.com"]
[Date "2021.03.16"]
[Round "4"]
[White "ErikRonka"]
[Black "esrosenberg"]
[Result "1-0"]
[WhiteElo "2435"]
[BlackElo "2216"]
[TimeControl "180+1"]
[EndTime "10:38:20 PDT"]
[Termination "ErikRonka won on time"]

1. d4 Nf6 2. Nf3 e6 3. g3 b5 4. Bg2 Bb7 5. O-O c5 6. c3 Be7 7.
Bg5 cxd4 8. Bxf6 Bxf6 9. cxd4 b4 10. Nbd2 d5 11. Nb3 O-O 12. Nc5 Bc6 13. e3 Bb5 14. Re1 Nd7 15. Nd3 a5 16. Qd2 Nb6 17. b3 Rc8 18. a3 Rc3 19. Nc5 Nd7 20. axb4 axb4 21.
Nxd7 Qxd7 22. Bf1 Rfc8 23. Rec1 h6 24. Ne1 e5 25. dxe5 Bxe5 26. Nd3 Bxd3 27. Bxd3 Rxd3 28. Qxd3 Bxa1 29. Rxa1 g6 30. Qd4 Qd6 31. Kg2 Re8 32. Ra5 1-0

[Event "*** Titled Tuesday Blitz"]
[Site "Chess.com"]
[Date "2021.03.16"]
[Round "4"]
[White "Jospem"]
[Black "BahadirOzen"]
[Result "1-0"]
[WhiteElo "2930"]
[BlackElo "2776"]
[TimeControl "180+1"]
[EndTime "10:38:21 PDT"]
[Termination "Jospem won by resignation"]

1. e4 g6 2. d4 Bg7 3. c3 d6 4. Bd3 Nf6 5. h3 O-O 6. Nf3 Nbd7 7. O-O e5 8. Nbd2 b6 9. Re1 Bb7 10. Nf1 c6 11. Ng3 Qc7 12. Be3 Rfe8 13. Qc2 b5 14. a4 a6 15. c4 exd4 16. Bxd4 b4 17. b3 Rad8 18. Rad1 Re6 19. Ng5 Re7 20. Nf3 Rde8 21. Qd2 a5 22. Bc2 c5 23. Ba1 Nxe4 24. Bxe4 Bxe4 25.
Bxg7 Kxg7 26. Nxe4 Rxe4 27. Rxe4 Rxe4 28. Qxd6 Qxd6 29.
Rxd6 Ne5 30. Nxe5 Re1+ 31. Kh2 Rxe5 32. Ra6 Re2 33. Rxa5 Rxf2 34. Rxc5 Rb2 35. Rb5 Rxb3 36. c5 Kf6 37. c6 Rc3 38. a5 b3 39. Rb6 b2 40. a6 b1=Q 41. Rxb1 Rxc6 42. a7 1-0

[Event "*** Titled Tuesday Blitz"]
[Site "Chess.com"]
[Date "2021.03.16"]
[Round "4"]
[White "anon132639"]
[Black "Msb2"]
[Result "0-1"]
[WhiteElo "2751"]
[BlackElo "2917"]
[TimeControl "180+1"]
[EndTime "10:38:22 PDT"]
[Termination "Msb2 won by checkmate"]

1. d4 d5 2. c4 e6 3. Nc3 Nf6 4.
cxd5 exd5 5. Bg5 c6 6. Qc2 h6 7. Bh4 g6 8. e3 Bf5 9. Bd3 Bxd3 10. Qxd3 Nbd7 11. Nf3 Be7 12. O-O O-O 13. Ne5 Nxe5 14. dxe5 Nd7 15. Bxe7 Qxe7 16. f4 Kg7 17. e4 Nc5 18. Qe3 Nxe4 19. Nxe4 dxe4 20. Qxe4 Rad8 21. f5 Qc5+ 22. Kh1 Rd4 23. Qf3 Qd5 24. Qg3 Rd3 25. Qh4 g5 26. Qe1 Rd2 27. Qg3 Qd3 28.
Qg4 Qe2 29. f6+ Kg8 30. Qh3 Rfd8 31. Rg1 h5 32. Qf5 Qg4 33. Qxg4 hxg4 34. Rge1 Rxb2 35.
e6 fxe6 36. Rxe6 Kf7 37. Rae1 Rdd2 38. Re7+ Kg6 39. f7 Rf2 40. R7e6+ Kg7 41. Re7 Rxf7 42.
Re8 Rxa2 43. Kg1 Raf2 44. R8e5 R2f5 45. Re6 R5f6 46. R6e5 Kg6 47. R5e4 a5 48. R1e2 Rf1# 0-1

[Event "*** Titled Tuesday Blitz"]
[Site "Chess.com"]
[Date "2021.03.16"]
[Round "4"]
[White "Ranindu2003"]
[Black "DinaBelenkaya"]
[Result "1-0"]
[WhiteElo "2593"]
[BlackElo "2376"]
[TimeControl "180+1"]
[EndTime "10:38:23 PDT"]
[Termination "Ranindu2003 won by resignation"]

1. d4 d5 2. Bf4 Nf6 3. e3 c5 4. c3 Nc6 5. Nd2 Qb6 6. dxc5 Qxc5 7. Ngf3 e6 8. Bd3 Qe7 9. e4 dxe4 10. Nxe4 Nxe4 11.
Bxe4 e5 12. Bg5 f6 13. Be3 Be6 14. O-O Qc7 15. Qc2 Be7 16. Bxh7 O-O-O 17. Bf5 Bxf5 18. Qxf5+ Kb8 19. Rad1 Bd6 20. h3 Qf7 21. Ng5 Qh5 22. Qe6 fxg5 23. Rxd6 Rxd6 24. Qxd6+ Ka8 25. Qd7 Qe2 26.
Qd2 Qc4 27. b3 Qe6 28. Bxg5 e4 29. Bf4 Rf8 30. Qe3 Ne7 31. Re1 Nd5 32. Qc5 Nxf4 33. Qxf8+ 1-0

[Event "*** Titled Tuesday Blitz"]
[Site "Chess.com"]
[Date "2021.03.16"]
[Round "4"]
[White "organdzievhren"]
[Black "abeljusto"]
[Result "1-0"]
[WhiteElo "2428"]
[BlackElo "2184"]
[TimeControl "180+1"]
[EndTime "10:38:23 PDT"]
[Termination "organdzievhren won on time"]

1. e4 Nf6 2. Nc3 d5 3. e5 Ne4 4. Nce2 d4 5. Ng3 Nxg3 6. hxg3 c5 7. Bc4 Nc6 8. Nf3 Bf5 9. d3 e6 10. Bf4 Be7 11. Qd2 a6 12. a4 Qa5 13. Nh4 Qxd2+ 14. Kxd2 Bxh4 15. gxh4 h5 16. a5 O-O-O 17. f3 f6 18.
Rhe1 fxe5 19. Bxe5 Rh6 20. Bf4 Rg6 21. Bg5 Rf8 22.
Re2 Kd7 23. c3 e5 24. Bd5 dxc3+ 25. bxc3 Kd6 26. Bxc6 bxc6 27. Rb1 c4 28. Rb6 cxd3 29. Re1 Ra8 30. Rb7 Kd5 31. c4+ Kxc4 32. Rc1+ Kd5 33. Rc3 c5 34. Rc7 Rc6 35. Rxg7 c4 36. Rb7 e4 37. fxe4+ Bxe4 38. Rd7+ Ke6 39. Re7+ Kd5 40. Bf4 Rg8 41. Re5+ Kd6 42. Rg5+ 1-0

[Event "*** Titled Tuesday Blitz"]
[Site "Chess.com"]
[Date "2021.03.16"]
[Round "4"]
[White "vinniethepooh"]
[Black "rynos0411"]
[Result "0-1"]
[WhiteElo "2694"]
[BlackElo "2509"]
[TimeControl "180+1"]
[EndTime "10:38:26 PDT"]
[Termination "rynos0411 won by resignation"]

1. d4 Nf6 2. c4 e6 3. Nc3 d5 4. cxd5 Nxd5 5. e4 Nxc3 6. bxc3 c5 7. Nf3 cxd4 8. cxd4 Bb4+ 9. Bd2 Bxd2+ 10. Qxd2 O-O 11.
Bc4 Nd7 12. O-O b6 13. Rac1 Bb7 14. Qe3 Rc8 15. h3 Qe7 16. Rfd1 Rfd8 17. Bb5 Nf6 18.
Bd3 h6 19. Bb1 Qb4 20. e5 Nd7 21. Nh4 Nf8 22. Rxc8 Rxc8 23. Be4 Bxe4 24. Qxe4 Qb2 25. a4 Rc1 26. Rxc1 Qxc1+ 27. Kh2 Qc4 28. Nf3 Qxa4 29.
Qa8 Qd7 30. Kg3 b5 31. Kf4 Qe7 32. Ke3 Kh7 33. Nd2 Ng6 34. Qb8 Qg5+ 35. Kd3 Nf4+ 36. Kc3 Nd5+ 37. Kd3 Qxg2 38. Qxa7 Qxf2 39. Qb7 Qe3+ 40.
Kc2 Qc3+ 41. Kd1 Qxd4 42. Qxb5 Nc3+ 0-1

[Event "*** Titled Tuesday Blitz"]
[Site "Chess.com"]
[Date "2021.03.16"]
[Round "4"]
[White "RobertoJBM"]
[Black "GMAkobianSTL"]
[Result "1-0"]
[WhiteElo "2771"]
[BlackElo "2842"]
[TimeControl "180+1"]
[EndTime "10:38:27 PDT"]
[Termination "RobertoJBM won by resignation"]

1. d4 d5 2. c4 e6 3. Nc3 c5 4. cxd5 exd5 5. Nf3 Nc6 6. e3 c4 7. Be2 Bb4 8. Bd2 Nf6 9. O-O O-O 10. Ne5 Be6 11. f4 Bxc3 12. Bxc3 Ne4 13. Bf3 Nxc3 14.
bxc3 Ne7 15. Ng4 Nf5 16. Qd2 Nd6 17. Nf2 f5 18. h3 g6 19. g4 Qh4 20. Kg2 Rae8 21.
g5 h6 22. gxh6 Kh7 23. Rg1 Kxh6 24. Kh2 Bf7 25. Rg5 Re7 26. Rag1 Kh7 27. R1g3 Rfe8 28.
Bg2 b5 29. a3 a5 30. Kg1 Rg8 31. Qb2 Be6 32. a4 bxa4 33. Qa3 Rd7 34. Rf3 Ne4 35. Nxe4 dxe4 36. Rf2 Rb8 37. Qxa4 Rdb7 38. Qc6 Bf7 39. Qf6 Kg8 40. Rxg6+ Bxg6 41. Qxh4 1-0

[Event "*** Titled Tuesday Blitz"]
[Site "Chess.com"]
[Date "2021.03.16"]
[Round "4"]
[White "Treacherous_horse64"]
[Black "Sharpchess22"]
[Result "0-1"]
[WhiteElo "2505"]
[BlackElo "2725"]
[TimeControl "180+1"]
[EndTime "10:38:27 PDT"]
[Termination "Sharpchess22 won by resignation"]

1. d4 Nf6 2. Bf4 e6 3. e3 d5 4.
Nf3 Bd6 5. Nbd2 O-O 6. Bd3 c5 7. c3 Qc7 8. Bg3 Nbd7 9. O-O e5 10. dxe5 Nxe5 11. Nxe5 Bxe5 12. Bxe5 Qxe5 13. Nf3 Qe7 14. c4 Be6 15. Qc2 h6 16. Rad1 Rfd8 17. Nh4 g6 18. Nf3 Rac8 19. Rd2 dxc4 20. Bxc4 Bf5 21. Qb3 Rxd2 22. Nxd2 Rd8 23. Nf3 Kg7 24. Rd1 Re8 25. h3 a6 26. a4 Be4 27. Nd2 Bc6 28. a5 Qc7 29. Qc3 Rd8 30. Be2 Qe7 31. Nc4 Qe4 32.
f3 Rxd1+ 33. Bxd1 Qb1 34. Qc2 Qa1 35. Kf2 Nd5 36. Be2 Ba4 37. Qd2 Bc6 38. e4 Nb4 39. Ne5 Qxa5 40. Bc4 Bb5 41. Bxf7 Nd3+ 42. Nxd3 Qxd2+ 0-1

[Event "*** Titled Tuesday Blitz"]
[Site "Chess.com"]
[Date "2021.03.16"]
[Round "4"]
[White "Zhigalko_Sergei"]
[Black "MatyChess1"]
[Result "1-0"]
[WhiteElo "2940"]
[BlackElo "2608"]
[TimeControl "180+1"]
[EndTime "10:38:28 PDT"]
[Termination "Zhigalko_Sergei won on time"]

1. e4 c5 2. Nf3 d6 3. d4 cxd4 4. Qxd4 Nf6 5. Nc3 Nc6 6. Bb5 Bd7 7. Bxc6 Bxc6 8. Bg5 e6 9. O-O-O Be7 10. Rhe1 Qa5 11.
Kb1 O-O 12. Qd2 Qa6 13. Nd4 Rfc8 14. f3 Be8 15. g4 b5 16. Nce2 Rc4 17. h4 Rac8 18. Nc1 Qb7 19. Ncb3 Qc7 20. Qa5 Qb8 21. Qd2 Qc7 22. h5 b4 23. h6 g6 24. f4 e5 25.
fxe5 dxe5 26. Qf2 Nxg4 27. Qh4 Bxg5 28. Qxg5 exd4 29. Qxg4 Rxc2 30. Nxd4 Rc4 31. Nf5 1-0

[Event "*** Titled Tuesday Blitz"]
[Site "Chess.com"]
[Date "2021.03.16"]
[Round "4"]
[White "Agibileg"]
[Black "GMKrikor"]
[Result "1/2-1/2"]
[WhiteElo "2526"]
[BlackElo "2746"]
[TimeControl "180+1"]
[EndTime "10:38:28 PDT"]
[Termination "Game drawn by repetition"]

1. d4 Nf6 2. c4 g6 3. Nc3 d5 4. cxd5 Nxd5 5. e4 Nxc3 6. bxc3 Bg7 7. Nf3 c5 8. Bb5+ Nd7 9. O-O O-O 10. Be3 Qc7 11. h3 a6 12. Be2 b5 13. Qd2 Bb7 14. d5 Nf6 15. Qc2 e6 16. d6 Qc6 17.
e5 Nd7 18. Bf4 Nxe5 19. Bxe5 Bxe5 20. Rfd1 Bxd6 21. c4 b4 22. Qb2 Qc7 23. Rd3 Rad8 24. Rad1 Bxf3 25. Bxf3 Bh2+ 26. Kh1 Rxd3 27. Rxd3 Be5 28.
Qd2 Bd4 29. a3 a5 30. axb4 axb4 31. Qa2 Kg7 32. g3 h5 33. h4 Rd8 34. Kg2 f5 35.
Qa6 Rd6 36. Qa8 Rd8 37. Qa6 Qd6 38. Qb7+ Rd7 39. Qc8 Rd8 40. Qb7+ Qd7 41. Qa6 Kf6 42. Rd2 Qd6 43. Qb7 Rd7 44. Qa8 Rd8 45. Qb7 Qe7 46. Qb6 Qd6 47. Qb7 1/2-1/2

[Event "*** Titled Tuesday Blitz"]
[Site "Chess.com"]
[Date "2021.03.16"]
[Round "4"]
[White "xberli"]
[Black "elegant285"]
[Result "1-0"]
[WhiteElo "2606"]
[BlackElo "2378"]
[TimeControl "180+1"]
[EndTime "10:38:29 PDT"]
[Termination "xberli won by resignation"]

1. e4 c6 2. d4 d5 3. e5 c5 4. dxc5 e6 5. a3 Bxc5 6. b4 Be7 7.
Bd3 a5 8. bxa5 Nc6 9. Nf3 Qxa5+ 10. Bd2 Qc7 11. O-O f6 12. exf6 Bxf6 13. Nc3 Nge7 14. Nb5 Qd8 15. c4 O-O 16. Qc2 h6 17. Rad1 Bd7 18. Rfe1 Kh8 19. Bc1 Qb6 20. Qe2 Na5 21.
Be3 Qd8 22. c5 e5 23. Bb1 Bc6 24. Nd6 b6 25. Qc2 e4 26. Nd4 bxc5 27. Qxc5 Rb8 28. Nxc6 Naxc6 29. Nxe4 Qc7 30. Nxf6 Rxf6 31. Qc2 Nf5 32.
Bc5 Rd8 33. a4 Na5 34. Bb4 Nc4 35. Bc3 Qf7 36. Bxf6 Qxf6 37. Qxf5 1-0

[Event "*** Titled Tuesday Blitz"]
[Site "Chess.com"]
[Date "2021.03.16"]
[Round "4"]
[White "Slovak_fighter2000"]
[Black "Fortitudine"]
[Result "1-0"]
[WhiteElo "2485"]
[BlackElo "2290"]
[TimeControl "180+1"]
[EndTime "10:38:29 PDT"]
[Termination "Slovak_fighter2000 won on time"]

1. d4 Nf6 2. c4 c5 3. Nf3 cxd4 4.
Nxd4 e5 5. Nb5 d5 6. cxd5 Bc5 7. e3 O-O 8. N5c3 e4 9. Be2 Bf5 10. a3 Nbd7 11. O-O Qe7 12. b4 Bd6 13. Bb2 Qe5 14.
g3 Bh3 15. Re1 Qg5 16. Nd2 Rfe8 17. Nc4 Be5 18. Nxe5 Nxe5 19. Nb5 Bg4 20. Bxe5 Rxe5 21. Nc7 Rd8 22. d6 Qh5 23. Ra2 Bf3 24. Bxf3 exf3 25.
Rd2 Rf5 26. h4 g5 27. Rd4 Ng4 28. Nd5 gxh4 29. Ne7+ Kf8 30. Nxf5 hxg3 31. Qxf3 Qh2+ 32. Kf1 gxf2 33. Rxg4 fxe1=Q+ 34. Kxe1 Qe5 35. Qf4 Qa1+ 36. Kf2 1-0

[Event "*** Titled Tuesday Blitz"]
[Site "Chess.com"]
[Date "2021.03.16"]
[Round "4"]
[White "Vincent_Vega95"]
[Black "Sychev_Klementy"]
[Result "0-1"]
[WhiteElo "2750"]
[BlackElo "2884"]
[TimeControl "180+1"]
[EndTime "10:38:30 PDT"]
[Termination "Sychev_Klementy won by resignation"]

1. d4 Nf6 2. c4 g6 3. Nc3 d5 4. Nf3 Bg7 5. cxd5 Nxd5 6. e4 Nxc3 7. bxc3 c5 8. Be3 Qa5 9. Qd2 Nc6 10. Rc1 cxd4 11. cxd4 Qxd2+ 12. Kxd2 O-O 13. d5 Rd8 14. Ke1 Nb4 15. a3 Na2 16. Rc2 Nc3 17. Bd3 f5 18. Ng5 h6 19. Bd2 Nb1 20. Nf3 Nxd2 21. Nxd2 e6 22.
Bc4 exd5 23. Bxd5+ Kh7 24. f3 Rb8 25. Ke2 Bd7 26.
Rhc1 Bb5+ 27. Ke3 Rd7 28. Rc7 Rbd8 29. Rxd7 Rxd7 30. Rc8 h5 31. Nb3 fxe4 32. fxe4 b6 33. Nd4 Ba6 34. Ne6 Bxc8 35. Ng5+ Kh6 36. Nf7+ Rxf7 37.
Bxf7 Be5 0-1

[Event "*** Titled Tuesday Blitz"]
[Site "Chess.com"]
[Date "2021.03.16"]
[Round "4"]
[White "KyrgyzFighter"]
[Black "hypert"]
[Result "1-0"]
[WhiteElo "2422"]
[BlackElo "2560"]
[TimeControl "180+1"]
[EndTime "10:38:30 PDT"]
[Termination "KyrgyzFighter won by checkmate"]

1. c4 c6 2. Nc3 d5 3. d4 Nf6 4. cxd5 cxd5 5. Bf4 Nc6 6. e3 a6 7. Rc1 Bg4 8. Qb3 Na5 9. Qa4+ Bd7 10. Qc2 Rc8 11.
a3 e6 12. Nf3 Be7 13. Bd3 O-O 14. O-O Nc4 15. Qb1 b5 16. h3 Qb6 17. Ne5 h6 18.
Rfd1 Rfd8 19. Bg3 Be8 20. Qc2 a5 21. Qe2 Nd7 22. Nxd7 Bxd7 23. Bb1 b4 24. axb4 axb4 25. Na2 Ba4 26. b3 Bxb3 27. Qd3 g6 28. Qxb3 Ra8 29.
e4 Ra3 30. Qc2 b3 31. Qe2 bxa2 32. Bxa2 Bf6 33. Bxc4 dxc4 34. Rxc4 Qb3 35. d5 exd5 36. exd5 h5 37. Rc6 Kg7 38. Rxf6 Ra2 39. Rxf7+ Kxf7 40. Qe6+ Kf8 41. Qf6+ Ke8 42. Re1+ Kd7 43. Qe6# 1-0

[Event "*** Titled Tuesday Blitz"]
[Site "Chess.com"]
[Date "2021.03.16"]
[Round "4"]
[White "mirochka"]
[Black "MustafayevFarid2004"]
[Result "0-1"]
[WhiteElo "2241"]
[BlackElo "2469"]
[TimeControl "180+1"]
[EndTime "10:38:30 PDT"]
[Termination "MustafayevFarid2004 won on time"]

1. e4 c6 2. d4 d5 3. e5 Bf5 4. Nf3 e6 5. Be2 Nd7 6. O-O Ne7 7. Nbd2 h6 8. a4 g5 9. a5 a6 10.
Nb3 Ng6 11. Bd2 Be7 12. Qc1 Rg8 13. Ne1 Nh4 14. c4 dxc4 15. Qxc4 Be4 16. Qc3 h5 17.
Bxh5 g4 18. Qg3 Nf8 19. Qf4 Bf5 20. Nd3 Bg5 21. Qg3 Bxd2 22. Nxd2 Qg5 23. Bxf7+ Kxf7 24. Nc4 Bxd3 25. Qxd3 Nf3+ 26. Kh1 Qf4 27. gxf3 Rh8 28. Nd6+ Ke7 29. Nf5+ exf5 30. Qa3+ Ke8 0-1